 Dungeon Crawl Stone Soup version 0.17-a0-1863-g715b4b0 (webtiles) character file.

132 Kolbur the Chiller (level 5, -2/36 HPs)
             Began as a Merfolk Ice Elementalist on Sept 20, 2015.
             Slain by an orc priest
             ... wielding a +0 dagger
              (8 damage)
             ... on level 3 of the Dungeon.
             The game lasted 00:22:17 (919 turns).

Kolbur the Chiller (Merfolk Ice Elementalist)        Turns: 919, Time: 00:22:18

Health: -2/36      AC:  3    Str:  8    XL:     5   Next: 15%
Magic:  0/8        EV: 13    Int: 16    God:
Gold:   14         SH:  0    Dex: 14    Spells: 2 memorised, 4 levels left

rFire  + . .     SeeInvis .     m - +0 spear
rCold  . . .     Clarity  .     a - +0 robe
rNeg   . . .     SustAt   .     (no shield)
rPois  .         Gourm    .     (no helmet)
rElec  .         Spirit   .     (no cloak)
rCorr  .         Warding  .     (no gloves)
rMut   .         Stasis   .     e - +0 pair of boots
MR     .....                    (no amulet)
Stlth  ++........               (no ring)
                                g - ring of protection from fire

@: not resistant to hostile enchantments, unstealthy
A: change form in water, swift swim
a: no special abilities


You were on level 3 of the Dungeon.
You were not hungry.

You visited 1 branch of the dungeon, and saw 4 of its levels.

You collected 14 gold pieces.

Inventory:

Hand weapons
 i - a +0 dagger
 m - a +0 spear (weapon)
Missiles
 d - 66 stones (quivered)
 j - 19 poisoned needles
Armour
 a - a +0 robe (worn)
 e - a +0 pair of boots (worn)
Jewellery
 g - a ring of protection from fire (left hand)
Scrolls
 k - 2 scrolls of identify
 l - 2 scrolls of blinking {unknown}
 n - 2 scrolls of remove curse {unknown}
Potions
 f - a potion of curing
Books
 b - a book of Frost

   Spells                             Type                      Level
   a - Freeze                         Ice                          1
   b - Throw Frost                    Conjuration/Ice              2
   c - Ozocubu's Armour               Charms/Ice                   3
   d - Throw Icicle                   Conjuration/Ice              4
   e - Summon Ice Beast               Ice/Summoning                4
   f - Condensation Shield            Ice                          4
Comestibles
 c - a bread ration
 h - 3 chunks of flesh


   Skills:
 + Level 0.4 Fighting
 * Level 4.0 Polearms
 + Level 3.0 Dodging
 - Level 2.1 Stealth
 - Level 2.0 Spellcasting
   Level 0.7 Conjurations
 - Level 5.0 Ice Magic


You had 4 spell levels left.
You knew the following spells:

 Your Spells              Type           Power        Failure   Level  Hunger
a - Freeze                Ice            ###.         2%          1    #......
o - Ozocubu's Armour      Chrm/Ice       #.......     21%         3    ###....


Dungeon Overview and Level Annotations

Branches:
Dungeon (4/15)
 Temple: D:4-7

Altars:
Qazlal
Yredelemnul


Message History

The orc priest closely misses you.
Casting: Freeze
Confirm with . or Enter, or press ? or * to list all spells.
Aiming: Freeze
Press: ? - help, Shift-Dir - straight line, f/p - orc priest
Aim: an orc priest, wielding a dagger (moderately wounded)
You freeze the orc priest.
The orc priest is heavily wounded.
The orc priest hits you with a dagger.
* * * LOW HITPOINT WARNING * * *
You hit the orc priest.
The orc priest is severely wounded.
The orc priest misses you.
You hit the orc priest but do no damage.
The orc priest is severely wounded.
The orc priest barely misses you.
You hit the orc priest but do no damage.
The orc priest is severely wounded.
The orc priest hits you with a dagger!
You die...

#.
...o.[o..._.....#
♣.
..#####(......###
o. .. ###.....## ♣.
#. #.##.[.## #. #.#
#..##.##
#.#.#..#..# #.
#...#.######
#.###...o.....#
#.@#.#.#.##.#.# ##.
# #.#o##.#.##.#.#
...
...#o##.#.##.#.# .#
###.#)##.#.#.#.>#
.#
#....#....###.o...o
#..#.....#..o######
.......#####♣.♣♣
####.#.## ♣P.♣ .
#.#. # ..♣


You could see an orc priest and an orc.

Vanquished Creatures
  An orc priest (D:3)
  2 orc wizards (D:3)
  2 adders (D:3)
  7 orcs (D:3)
  A giant cockroach (D:1)
  A hobgoblin (D:3)
  3 kobolds
  4 giant newts
  4 goblins
  3 rats
28 creatures vanquished.

Notes
Turn   | Place    | Note
--------------------------------------------------------------
     0 | D:1      | Kolbur the Merfolk Ice Elementalist began the quest for the Orb.
     0 | D:1      | Reached XP level 1. HP: 13/13 MP: 3/3
   320 | D:3      | Found a basalt altar of Yredelemnul.
   481 | D:1      | Reached XP level 2. HP: 19/19 MP: 3/5
   524 | D:2      | Reached skill level 4 in Ice Magic
   540 | D:3      | Reached skill level 1 in Polearms
   562 | D:3      | Reached XP level 3. HP: 24/24 MP: 2/6
   567 | D:3      | Learned a level 3 spell: Ozocubu's Armour
   622 | D:3      | Noticed an orc priest
   693 | D:3      | Killed an orc priest
   693 | D:3      | Reached XP level 4. HP: 18/30 MP: 0/7
   739 | D:3      | Found a stormy altar of Qazlal.
   740 | D:3      | Noticed an orc wizard
   756 | D:3      | Killed an orc wizard
   760 | D:3      | Reached skill level 5 in Ice Magic
   761 | D:3      | Noticed an orc priest
   772 | D:3      | Noticed an orc wizard
   850 | D:3      | Killed an orc wizard
   850 | D:3      | Reached XP level 5. HP: 3/36 MP: 0/8
   919 | D:3      | Slain by an orc priest

Vault maps used:
D:1:      dpeg_arrival_tiny_k, minmay_misc_feat_roman
D:2:      uniq_jessica
D:3:      old_standard_altar, lemuel_round_altar, serial_forest,
          infiniplex_forest_diagonal, infiniplex_forest_side_room,
          infiniplex_forest_join, infiniplex_forest_lined_corner,
          infiniplex_forest_join, infiniplex_forest_straight_3,
          infiniplex_forest_lined_3, infiniplex_forest_clump_small
D:4:      lightli_temple_of_fire, portal_sewer_entry_d,
          kennysheep_generic_room_7, uniq_menkaure

Action                   |  1- 3 |  4- 6 || total
-------------------------+-------+-------++-------
Melee: Dagger            |     1 |       ||     1
       Spear             |    19 |    29 ||    48
Throw: Stone             |     2 |     2 ||     4
 Cast: Freeze            |    27 |    23 ||    50
  Use: Scroll            |       |     1 ||     1
       Potion            |       |     1 ||     1
 Stab: Sleeping          |     2 |       ||     2
  Eat: Pizza             |       |     1 ||     1

Vault maps used:
D:1:      dpeg_arrival_tiny_k, minmay_misc_feat_roman
D:2:      uniq_jessica
D:3:      old_standard_altar, lemuel_round_altar, serial_forest,
          infiniplex_forest_diagonal, infiniplex_forest_side_room,
          infiniplex_forest_join, infiniplex_forest_lined_corner,
          infiniplex_forest_join, infiniplex_forest_straight_3,
          infiniplex_forest_lined_3, infiniplex_forest_clump_small
D:4:      lightli_temple_of_fire, portal_sewer_entry_d,
          kennysheep_generic_room_7, uniq_menkaure
